 Dungeon Crawl Stone Soup version 0.29.0-4-gdea44cf6ec (webtiles) character file.

Game seed: 17249348265527005120

81139 iguanaiguana the Earth Mage (level 15, -2/96 HPs)
             Began as a Gargoyle Venom Mage on Aug 26, 2022.
             Was the Champion of Vehumet.
             Slain by a skeletal warrior
             ... wielding a +0 dire flail
              (19 damage)
             ... on level 14 of the Dungeon on Aug 27, 2022.
             The game lasted 02:05:55 (26291 turns).

iguanaiguana the Earth Mage (Gargoyle Venom Mage)  Turns: 26291, Time: 02:05:56

Health: -2/96      AC: 20    Str: 12    XL:     15   Next: 69%
Magic:  16/39      EV: 16    Int: 29    God:    Vehumet [******]
Gold:   1259       SH:  0    Dex:  5    Spells: 0/36 levels left

rFire   . . .      SeeInvis +   o - +4 spear "Noicegagy" {vorpal, rC+ Will+}
rCold   + . .      Faith    .   (no shield)
rNeg    + . .      Spirit   .   D - +2 robe {Archmagi}
rPois   ∞          Reflect  .   S - +2 helmet {SInv}
rElec   +          Harm     .   (no cloak)
rCorr   .          Rampage  .   L - +0 pair of gloves
Will    ++...      Archmagi +   Q - +0 pair of boots
Stlth   ++++......              w - amulet of magic regeneration
HPRegen 0.26/turn               q - +4 ring of evasion
MPRegen 0.66/turn               Y - ring "Xaruatt" {MP+9 Int+6 Dex-5}

@: about to teleport, flying, hasted, very quick
A: sickness immunity, AC +11, big wings, negative energy resistance 1,
electricity resistance, torment resistance 1, petrification resistance
a: Renounce Religion


You were on level 14 of the Dungeon.
You worshipped Vehumet.
Vehumet was exalted by your worship.
You visited 4 branches of the dungeon, and saw 22 of its levels.
You also visited: Gauntlet.

You collected 2594 gold pieces.
You spent 1335 gold pieces at shops.

Inventory:

Hand Weapons
 a - a +9 scimitar of holy wrath
 o - the +4 spear "Noicegagy" (weapon) {vorpal, rC+ Will+}
   (You found it on level 4 of the Lair of Beasts)

   It inflicts extra damage upon your enemies.
   rC:        It protects you from cold.
   Will:      It increases your willpower.
Missiles
 i - 37 boomerangs
 p - 23 poisoned darts
 U - 3 silver javelins
Armour
 D - a +2 robe of the Archmagi (worn)
 L - a +0 pair of gloves (worn)
 Q - a +0 pair of boots (worn)
 S - a +2 helmet of see invisible (worn)
Magical Staves
 z - a staff of earth
Jewellery
 k - a ring of positive energy
 q - a +4 ring of evasion (left hand)
 w - an amulet of magic regeneration (around neck)
 N - a ring of protection from fire
 Y - the ring "Xaruatt" (right hand) {MP+9 Int+6 Dex-5}
   (You bought it in a shop on level 2 of the Orcish Mines)

   [ring of magical power]

   Int:       It affects your intelligence (+6).
   Dex:       It affects your dexterity (-5).
   MP:        It affects your magic capacity (+9).
Wands
 s - a wand of digging (7) {@v3}
 B - a wand of flame (28)
 C - a wand of mindburst (30)
 K - a wand of quicksilver (10)
 R - a wand of roots (11)
 T - a wand of polymorph (2)
Scrolls
 b - 3 scrolls of magic mapping {@r5}
 d - 3 scrolls of vulnerability
 e - 2 scrolls of summoning
 f - a scroll of blinking {@r4}
 r - 8 scrolls of teleportation {@r3}
 v - 2 scrolls of poison
 A - 3 scrolls of fear (quivered)
 E - 2 scrolls of fog
 G - 2 scrolls of immolation
 H - a scroll of silence
 V - a scroll of identify {@r1}
Potions
 c - a potion of brilliance
 g - 5 potions of haste {@q4}
 h - a potion of berserk rage
 n - 3 potions of resistance {@q5}
 t - 2 potions of curing {@q1}
 x - a potion of cancellation
 y - a potion of magic
 I - 4 potions of lignification
 J - 2 potions of mutation
 M - 4 potions of ambrosia
 O - 2 potions of might {@q3}


   Skills:
 + Level 11.9 Fighting
 - Level 4.0 Short Blades
 - Level 6.0 Dodging
 - Level 10.0 Stealth
 - Level 11.3 Spellcasting
 - Level 10.0 Conjurations
 - Level 4.0 Transmutations
 - Level 2.0 Fire Magic
 - Level 2.0 Air Magic
 - Level 15.0 Earth Magic
 - Level 10.0 Poison Magic
 - Level 4.0 Evocations


You couldn't memorise any spells.
You knew the following spells:

 Your Spells              Type           Power      Damage    Failure   Level
a - Iron Shot             Conj/Erth      46%        9d9       1%          6
b - Poisonous Vapours     Pois/Air       100%       N/A       1%          2
c - Mephitic Cloud        Conj/Pois/Air  73%        N/A       1%          3
d - Olgreb's Toxic Radia  Pois           84%        N/A       1%          4
e - Ignite Poison         Fire/Tmut/Pois 63%        N/A       1%          3
f - Lee's Rapid Deconstr  Erth           50%        3d25*     1%          5
g - Sandblast             Erth           100%       2d20      0%          1
h - Ozocubu's Refrigerat  Ice            12%        4d10      99%         7
i - Passwall              Tmut/Erth      68%        N/A       1%          2
j - Stone Arrow           Conj/Erth      100%       3d13      1%          3

Your spell library contained the following spells:

 Spells                   Type           Power      Damage    Failure   Level
 Lightning Bolt           Conj/Air       33%        1d51      2%          5
 Magic Dart               Conj           100%       1d8       1%          1
 Sting                    Tmut/Pois      100%       1d8       1%          1
 Searing Ray              Conj           100%       2d8       1%          2
 Static Discharge         Conj/Air       67%        3-12/arc  1%          2
 Conjure Flame            Conj/Fire      67%        6-21      1%          3
 Dazzling Flash           Conj/Hex       100%       N/A       1%          3
 Animate Armour           Summ/Erth      100%       N/A       1%          4
 Fulminant Prism          Conj/Hex       31%        3d16      1%          4
 Sticky Flame             Conj/Fire      67%        2d8       1%          4
 Irradiate                Conj/Tmut      35%        3d23      1%          5
 Iskenderun's Battlesphe  Conj           84%        2d13      1%          5
 Frozen Ramparts          Ice            48%        1d8       2%          3
 Fireball                 Conj/Fire      33%        3d14      2%          5
 Apportation              Tloc           48%        N/A       3%          1
 Necrotise                Necr           96%        1d8       3%          1
 Summon Small Mammal      Summ           96%        N/A       3%          1
 Call Imp                 Summ           24%        N/A       4%          2
 Ozocubu's Armour         Ice            24%        N/A       10%         3
 Summon Guardian Golem    Hex/Summ       24%        N/A       10%         3
 Tukima's Dance           Hex            24%        N/A       10%         3
 Vampiric Draining        Necr           24%        2d7       10%         3
 Yara's Violent Unravell  Hex/Tmut       21%        3d10      11%         5
 Conjure Ball Lightning   Conj/Air       33%        3x3d11    12%         6
 Orb of Destruction       Conj           42%        9d12      13%         7
 Ice Form                 Ice/Tmut       42%        N/A       14%         4
 Dispel Undead            Necr           24%        3d12      32%         4
 Passage of Golubria      Tloc           24%        N/A       32%         4
 Summon Ice Beast         Ice/Summ       24%        N/A       32%         4
 Lehudib's Crystal Spear  Conj/Erth      46%        10d11     32%         8
 Spellforged Servitor     Conj/Summ      31%        N/A       63%         7
 Agony                    Necr           24%        N/A       67%         5
 Summon Mana Viper        Hex/Summ       24%        N/A       67%         5
 Monstrous Menagerie      Summ           12%        N/A       100%        7
 Fire Storm               Conj/Fire      33%        8d9       100%        9


Dungeon Overview and Level Annotations

Branches:
Dungeon (14/15) Zot: 26754  Temple (1/1) D:5 Zot: 5958    Lair (5/5) D:8 Zot: 23956
 Shoals (0/4) Lair:3       Spider (0/4) Lair:2        Slime (0/5) Lair:5
    Orc (2/2) D:11 Zot: 10481     Elf (0/3) Orc:2        Vaults (0/5) D:13
Gauntlet (visited)

Altars:
Ashenzari
Cheibriados
Dithmenos
Fedhas
Gozag
Hepliaklqana
Kikubaaqudgha
Makhleb
Nemelex Xobeh
Okawaru
Qazlal
Ru
Sif Muna
Trog
Uskayaw
Vehumet
Wu Jian
Xom
Yredelemnul
Zin
The Shining One
Jiyva

Shops:
D:9 [   Orc:2 =![(?

Annotations:
D:5 exclusion: oklob plant
Temple 2 transporters
Lair:2 3 runed translucent doors, exclusion: downstairs, Tollund's ghost, journeyman OgFE
Lair:3 exclusion: downstairs
Lair:5 1 runed translucent door


Innate Abilities, Weirdness & Mutations

You are immune to sickness and miasma.
Your stone body is resilient. (AC +11)
You are immune to poison.
Your large and strong wings let you fly.
You resist negative energy. (rN+)
You are resistant to electric shocks. (rElec)
You are resistant to unholy torment.
You are immune to petrification.


Message History

You feel a surge of power!
The iron shot hits the skeletal warrior!!
You destroy the skeletal warrior!
You feel your power returning.
Casting: Iron Shot (dangerous; 1% risk of failure)
Confirm with . or Enter, or press ? or * to list all spells.
Aiming: Iron Shot (dangerous; 1% risk of failure)
Press: ? - help, Shift-Dir - straight line, f - skeletal warrior
Aim: a skeletal warrior, wielding a +0 dire flail (78% to hit)
You feel a surge of power!
The iron shot misses the skeletal warrior.
Casting: Iron Shot (dangerous; 1% risk of failure)
Confirm with . or Enter, or press ? or * to list all spells.
Aiming: Iron Shot (dangerous; 1% risk of failure)
Press: ? - help, Shift-Dir - straight line, f/p - skeletal warrior
Aim: a skeletal warrior, wielding a +0 dire flail (78% to hit)
You feel a surge of power!
The iron shot misses the skeletal warrior.
A skeletal warrior comes into view. It is wielding a +0 halberd.
Casting: Iron Shot (dangerous; 1% risk of failure)
Confirm with . or Enter, or press ? or * to list all spells.
Aiming: Iron Shot (dangerous; 1% risk of failure)
Press: ? - help, Shift-Dir - straight line, f/p - skeletal warrior
Aim: a skeletal warrior, wielding a +0 dire flail (78% to hit)
You feel a surge of power!
The iron shot hits the skeletal warrior!!!
The skeletal warrior is severely damaged.
The skeletal warrior hits you with a +0 dire flail!!
The skeletal warrior hits you from afar with a +0 halberd!
* * * LOW HITPOINT WARNING * * *
As you read the scroll of teleportation {@r3}, it crumbles to dust.
You feel strangely unstable.
The skeletal warrior hits you with a +0 dire flail!!
* * * LOW HITPOINT WARNING * * *
The skeletal warrior hits you from afar with a +0 halberd.
* * * LOW HITPOINT WARNING * * *
Okay, then.
You feel yourself speed up.
The skeletal warrior hits you with a +0 dire flail!!
You die...

~.♣♣....##
..~~~.P..#.##########
P~~~~~P.)#..........#
..~~~.P...###.......#
♣.~.♣P....##.......#
.♣.......#...[......#
....................#
........###.#.......#
..#z@.#...########
.....z##.....# .....
###...# .... #...#
... ##### #. #


You could see 2 skeletal warriors.

Vanquished Creatures
  4 ogre magi (Orc:2)
  5 hydras
  4 centaur warriors
  2 boulder beetles
  Erica (D:8)
  15 two-headed ogres
  13 death yaks
  2 skeletal warriors
  A wizard (D:14)
  3 lindwurms (Lair:5)
  3 orc knights
  A deep elf pyromancer (D:14)
  3 orc sorcerers (Orc:2)
  2 manticores
  15 elephants
  6 torpor snails (Lair:5)
  4 black mambas
  2 merfolk sirens (Lair:3)
  3 centaur skeletons (D:13)
  A gargoyle (D:12)
  18 cane toads
  Maggie (D:8)
  Psyche (D:9)
  7 komodo dragons
  An efreet (D:13)
  A rime drake (Lair:3)
  5 yaktaurs (D:13)
  A queen bee (D:14)
  A polar bear (Lair:4)
  7 trolls
  2 merfolk (Lair:3)
  6 hornets (Lair:5)
  3 tyrant leeches (Lair:5)
  5 slime creatures
  17 blink frogs
  A jumping spider (Lair:2)
  A shadow (D:13)
  6 wyverns
  A vampire (D:11)
  29 yaks
  Grum (D:9)
  3 steam dragons
  Menkaure (D:4)
  4 basilisks
  6 vampire mosquitoes
  2 redbacks (Lair:2)
  4 wargs
  2 acid dragons (D:11)
  11 water moccasins
  25 orc warriors
  2 sky beasts
  An ice beast (D:8)
  26 ogres
  12 wolves
  15 centaurs
  A phantom (D:5)
  2 kobold brigands (D:7)
  3 scorpions
  13 bullfrogs
  4 gnoll sergeants
  A necrophage (D:7)
  8 wights
  24 killer bees
  An electric eel (Lair:3)
  5 howler monkeys
  4 jellies
  4 hounds
  23 orc priests
  4 gnoll boudas
  An iguana (D:5)
  19 orc wizards
  A boggart skeleton (D:13)
  34 gnolls
  9 adders
  9 worms
  2 dart slugs
  89 orcs
  11 endoplasms
  2 giant cockroaches
  6 goblins
  6 hobgoblins
  7 jackals
  6 quokkas
  6 ball pythons
  5 bats
  6 frilled lizards
  15 kobolds
  4 rats
654 creatures vanquished.

Vanquished Creatures (others)
  6 bushes (D:14)
  20 fungi
  21 plants
47 creatures vanquished.

Grand Total: 701 creatures vanquished

Notes
Turn   | Place    | Note
-------+----------+-------------------------------------------
     0 | D:1      | iguanaiguana the Gargoyle Venom Mage began the quest for
                  | the Orb.
     0 | D:1      | Reached XP level 1. HP: 10/10 MP: 3/3
   517 | D:1      | Reached skill level 1 in Transmutations
   517 | D:1      | Reached XP level 2. HP: 15/15 MP: 3/5
  1328 | D:1      | Reached XP level 3. HP: 18/19 MP: 2/6
  1340 | D:1      | Learned a level 2 spell: Poisonous Vapours
  1344 | D:1      | Learned a level 3 spell: Mephitic Cloud
  1570 | D:1      | Found a faded altar of an unknown god.
  2711 | D:2      | Reached skill level 1 in Conjurations
  2711 | D:2      | Reached XP level 4. HP: 24/24 MP: 1/7
  3367 | D:3      | Found a stormy altar of Qazlal.
  4095 | D:3      | Reached skill level 1 in Air Magic
  4719 | D:4      | Noticed Menkaure
  4820 | D:3      | Reached XP level 5. HP: 18/28 MP: 5/8
  5119 | D:4      | Killed Menkaure
  5120 | D:4      | Reached skill level 5 in Poison Magic
  5120 | D:4      | Reached XP level 6. HP: 11/32 MP: 9/9
  5934 | D:4      | Reached XP level 7. HP: 36/36 MP: 2/10
  6478 | D:5      | Entered Level 5 of the Dungeon
  6835 | D:5      | Found a broken altar of Ashenzari.
  6951 | D:5      | Found a glowing golden altar of the Shining One.
  7363 | D:5      | Found a staircase to the Ecumenical Temple.
  7405 | Temple   | Entered the Ecumenical Temple
  7405 | Temple   | Found a transporter.
  7405 | Temple   | Found a transporter.
  7407 | Temple   | Found a transporter.
  7407 | Temple   | Found a transporter.
  7428 | Temple   | Became a worshipper of Vehumet
  7506 | D:5      | Found a blossoming altar of Fedhas.
  7526 | D:5      | Noticed an oklob plant
  7705 | D:5      | Reached skill level 2 in Earth Magic
  7867 | D:5      | Reached skill level 3 in Earth Magic
  7867 | D:5      | Reached XP level 8. HP: 40/41 MP: 11/11
  7901 | D:5      | Noticed a wyvern
  8082 | D:6      | Reached skill level 4 in Earth Magic
  8399 | D:6      | Reached skill level 5 in Earth Magic
  8720 | D:6      | Reached skill level 6 in Earth Magic
  8904 | D:6      | Reached skill level 5 in Conjurations
  9253 | D:6      | You fall into a shaft and drop 2 floors!
  9662 | D:6      | Reached * piety under Vehumet
  9662 | D:6      | Offered knowledge of Sandblast by Vehumet.
  9663 | D:6      | Reached XP level 9. HP: 35/45 MP: 3/12
  9695 | D:6      | Learned a level 1 spell: Sandblast
  9873 | D:6      | Reached skill level 1 in Fighting
 10043 | D:7      | Learned a level 4 spell: Olgreb's Toxic Radiance
 10844 | D:7      | Offered knowledge of Shock by Vehumet.
 10991 | D:8      | Reached skill level 1 in Short Blades
 11015 | D:8      | Noticed Erica
 11027 | D:8      | Killed Erica
 11111 | D:8      | Reached ** piety under Vehumet
 11195 | D:8      | Noticed Maggie
 11220 | D:8      | Killed Maggie
 11221 | D:8      | Reached skill level 5 in Spellcasting
 11221 | D:8      | Reached XP level 10. HP: 46/56 MP: 4/18
 11422 | D:8      | Found a shimmering blue altar of Sif Muna.
 11681 | D:8      | Found a staircase to the Lair.
 12084 | D:8      | Learned a level 3 spell: Ignite Poison
 12332 | D:5      | Identified the +7 falchion "Impslayer" {vorpal, *Slow rN++
                  | Dex+5}
 12698 | D:9      | Noticed Grum
 13014 | D:9      | Found a shadowy altar of Dithmenos.
 13030 | D:9      | Killed Grum
 13090 | D:9      | Found Enentiff's Antique Armour Emporium.
 13100 | D:9      | Offered knowledge of Searing Ray by Vehumet.
 13109 | D:9      | Reached skill level 10 in Poison Magic
 13288 | D:9      | Reached *** piety under Vehumet
 13320 | D:9      | Reached XP level 11. HP: 56/61 MP: 17/20
 13376 | D:9      | Reached skill level 7 in Earth Magic
 13438 | D:9      | Offered knowledge of Hailstorm by Vehumet.
 13496 | D:9      | Reached skill level 8 in Earth Magic
 13506 | D:9      | Noticed Psyche
 13510 | D:9      | Killed Psyche
 13565 | D:9      | Bought a pair of gloves for 112 gold pieces
 14014 | D:10     | Entered Level 10 of the Dungeon
 14075 | D:10     | Reached skill level 9 in Earth Magic
 14296 | D:10     | Found a sparkling altar of Nemelex Xobeh.
 14406 | D:10     | Reached skill level 10 in Earth Magic
 14894 | D:10     | Reached **** piety under Vehumet
 14931 | D:10     | Reached skill level 11 in Earth Magic
 15212 | D:10     | Found a sacrificial altar of Ru.
 15213 | D:10     | Found a hazy altar of Hepliaklqana.
 15299 | Lair:1   | Entered Level 1 of the Lair of Beasts
 15470 | Lair:1   | Reached skill level 12 in Earth Magic
 15642 | Lair:1   | Offered knowledge of Stone Arrow by Vehumet.
 15643 | Lair:1   | Reached skill level 5 in Fighting
 15692 | Lair:1   | Found a gate leading to a gauntlet.
 15700 | Gauntlet | Entered a Gauntlet
 15700 | Gauntlet | Found a transporter.
 15712 | Gauntlet | Noticed a death yak
 15722 | Gauntlet | Noticed a catoblepas
 15734 | Gauntlet | Noticed a death yak
 15746 | Gauntlet | Noticed a death yak
 15754 | Gauntlet | Found a transporter.
 15754 | Gauntlet | Noticed a death yak
 15754 | Gauntlet | Noticed a death yak
 15766 | Gauntlet | Found a transporter.
 15770 | Gauntlet | Found a transporter.
 15775 | Gauntlet | Noticed a green death
 15780 | Gauntlet | Found a transporter.
 15799 | Gauntlet | Noticed a death scarab
 15800 | Gauntlet | Found a transporter.
 15801 | Gauntlet | Noticed a death scarab
 15813 | Gauntlet | Found a transporter.
 15833 | Gauntlet | Found a transporter.
 15837 | Gauntlet | Found a transporter.
 15845 | Gauntlet | Found a transporter.
 15867 | Gauntlet | Found a transporter.
 15871 | Gauntlet | Found a transporter.
 16753 | Lair:2   | Reached skill level 1 in Evocations
 16753 | Lair:2   | Reached XP level 12. HP: 23/70 MP: 19/21
 17021 | Lair:2   | Noticed a five-headed hydra
 17077 | Lair:2   | Found a runed translucent gate.
 17077 | Lair:2   | Found a runed translucent gate.
 17077 | Lair:2   | Found a runed translucent gate.
 17082 | Lair:2   | Noticed Tollund's ghost (journeyman OgFE)
 17100 | Lair:2   | Learned a level 3 spell: Stone Arrow
 17209 | Lair:2   | Found a hole to the Spider Nest.
 17444 | Lair:2   | Killed a five-headed hydra
 17911 | Lair:3   | Noticed a death yak
 17912 | Lair:3   | Noticed a death yak
 17912 | Lair:3   | Noticed a death yak
 17913 | Lair:3   | Noticed a death yak
 17919 | Lair:3   | Killed a death yak
 17919 | Lair:3   | Killed a death yak
 17920 | Lair:3   | Noticed a death yak
 17923 | Lair:3   | Killed a death yak
 17923 | Lair:3   | Killed a death yak
 17924 | Lair:3   | Reached skill level 5 in Dodging
 17925 | Lair:3   | Noticed a death yak
 17933 | Lair:3   | Killed a death yak
 17933 | Lair:3   | Reached ***** piety under Vehumet
 17934 | Lair:3   | Killed a death yak
 17997 | Lair:3   | Offered knowledge of Lee's Rapid Deconstruction by Vehumet.
 18059 | Lair:2   | Learned a level 5 spell: Lee's Rapid Deconstruction
 18340 | Lair:3   | Reached XP level 13. HP: 78/78 MP: 12/24
 18361 | Lair:3   | Found a staircase to the Shoals.
 19101 | Lair:4   | Identified the +4 plate armour of the Elven Halls {Harm
                  | Dex+3 Stlth-}
 19109 | Lair:4   | Identified the +4 spear "Noicegagy" {vorpal, rC+ Will+}
 19233 | Lair:4   | Reached skill level 10 in Spellcasting
 19829 | Lair:5   | Entered Level 5 of the Lair of Beasts
 19839 | Lair:5   | Reached skill level 13 in Earth Magic
 19886 | Lair:5   | Found a staircase to the Slime Pits.
 19892 | Lair:5   | Found a viscous altar of Jiyva.
 20298 | Lair:5   | Reached skill level 14 in Earth Magic
 20403 | Lair:5   | Reached skill level 15 in Earth Magic
 20404 | Lair:5   | Gained mutation: Your large and strong wings let you fly.
                  | [Gargoyle growth]
 20404 | Lair:5   | Reached XP level 14. HP: 69/84 MP: 17/28
 20411 | Lair:5   | Offered knowledge of Ozocubu's Refrigeration by Vehumet.
 20421 | Lair:5   | Learned a level 7 spell: Ozocubu's Refrigeration
 20479 | Lair:5   | Found a runed translucent door.
 21126 | Lair:5   | Reached skill level 10 in Conjurations
 21801 | D:11     | Reached skill level 5 in Stealth
 22213 | D:11     | Found a staircase to the Orcish Mines.
 22460 | D:12     | Learned a level 2 spell: Passwall
 22878 | Orc:1    | Entered Level 1 of the Orcish Mines
 23298 | Orc:2    | Entered Level 2 of the Orcish Mines
 23298 | Orc:2    | Found a staircase to the Elven Halls.
 23407 | Orc:2    | Offered knowledge of Iron Shot by Vehumet.
 23471 | Orc:2    | Found Maxywar's Jewellery Boutique.
 23514 | Orc:2    | Paralysed by an orc sorcerer for 5 turns
 23689 | Orc:2    | Reached XP level 15. HP: 88/88 MP: 28/30
 23709 | Orc:1    | Learned a level 6 spell: Iron Shot
 23846 | Orc:2    | Reached skill level 10 in Stealth
 23930 | Orc:2    | Found Vaishrou's Distillery.
 23930 | Orc:2    | Found Fis Rewn's Armour Boutique.
 23931 | Orc:2    | Found Bun Fiso's Antique Weapon Boutique.
 23931 | Orc:2    | Found Axafrij's Magic Scroll Emporium.
 24003 | Orc:2    | Bought a scroll of teleportation for 48 gold pieces
 24003 | Orc:2    | Bought a scroll of magic mapping for 120 gold pieces
 24003 | Orc:2    | Bought a scroll of teleportation for 48 gold pieces
 24005 | Orc:2    | Bought a potion of curing for 45 gold pieces
 24005 | Orc:2    | Bought a potion of mutation for 120 gold pieces
 24005 | Orc:2    | Bought a potion of haste for 150 gold pieces
 24340 | Orc:2    | Bought an iridescent hand axe for 256 gold pieces
 24340 | Orc:2    | Identified the +4 hand axe of the Screaming King {spect,
                  | rF- rN++} (You bought it in a shop on level 2 of the Orcish
                  | Mines)
 24370 | Orc:2    | Bought the ring "Xaruatt" {MP+9 Int+6 Dex-5} for 436 gold
                  | pieces
 25136 | D:13     | Reached skill level 10 in Fighting
 25160 | D:13     | Reached ****** piety under Vehumet
 25205 | D:13     | Offered knowledge of Lightning Bolt by Vehumet.
 25278 | D:13     | Found a gate to the Vaults.
 25814 | D:13     | Noticed Nessos
 25815 | D:13     | Noticed Nessos
 25815 | D:13     | Nessos changed into Nessos the manticore
 25823 | D:13     | Killed Nessos the manticore
 26106 | D:14     | Identified the +11 dire flail of a ziggurat {holy, rN+
                  | Stlth+}
 26282 | D:14     | Identified a scroll of acquirement
 26283 | D:14     | Acquired Sif Muna's Encyclopedia of Boreal Damage Dealing
 26291 | D:14     | Slain by a skeletal warrior

Illustrated notes

Levels and vault maps discovered:
D:1:      amcnicky_arrival_flooded_fountain, layout_loops_ring,
          ebering_ecumenical_altar_rust
D:2:      layout_basic
D:3:      layout_basic, grunt_qazlal_clouds, serial_co_window_serial,
          co_window_paths_a, co_window_paths_a, co_window_of_opportunity_a,
          co_window_of_opportunity_a, co_window_corner_a, co_window_paths_a,
          co_window_corner_a, co_window_corner_a, co_window_paths_a,
          co_window_2corner, co_window_broadway_c, co_window_paths_c,
          co_window_4corner_b
D:4:      layout_rooms, uniq_menkaure
D:5:      minmay_clustersquares, layout_loops_ring, tgw_fedhas,
          nicolae_ashenzari_skybound, mainiacjoe_overflow_concentric_impassable,
          minmay_temple_entry_proselytizer
D:6:      layout_loops_ring
D:7:      layout_rooms
D:8:      layout_basic, lemuel_tele_altar, lair_entry_dummy, uniq_maggie,
          uniq_erica
D:9:      minmay_goldmine, layout_basic, nicolae_dithmenos_shadow_blocks,
          serial_shops, nicolae_shop_temple_entry_statues_fountains,
          grunt_ministairs_11, uniq_psyche, uniq_grum
D:10:     layout_stronghold, nemelex_diamond_rough_becter,
          gammafunk_temple_overflow_statue
D:11:     layout_roguey, david_orc_3
D:12:     layout_cross, corexii_leaking_fountain
D:13:     layout_stronghold, hangedman_vaults_entry_quadrant_bands, uniq_nessos
D:14:     layout_rooms, enter_trove_3, serial_park_gazebo
          [serial_park_minivault_5x5_2], hive_lemuel, uniq_josephine,
          uniq_lodul, uniq_rupert
Temple:   hellmonk_temple_divided_pantheon
Lair:1:   layout_hall_layers, gauntlet_entry_generic,
          lightli_volcano_entry_magma_tube, minivault_27, st_stairs_12,
          grunt_megastairs_1
Lair:2:   layout_concentric_octagons, spider_nest_entry_a,
          gammafunk_ghost_necromancy, patterned_corridor
Lair:3:   layout_gridlike, elwin_shoals_entry_stream, serial_bayou_shore_b,
          serial_bayou_shore_b
Lair:4:   layout_cave_pods
Lair:5:   wormcave, layout_hall_layers, dpeg_slime_entry_corner,
          chequers_serial_rivers_micro_d
Orc:1:    layout_caves
Orc:2:    st_orc_ogre_mass, layout_caves, serial_shops, nicolae_shop_waterfront,
          basic_altar

Skill      XL: |  1  2  3  4  5  6  7  8  9 10 11 12 13 14 15 |
---------------+----------------------------------------------+-----
Transmutations | 1 4 |  4.0
Poison Magic   | 4 5 6 7 8 10 | 10.0
Conjurations   | 1 2 3 4 6 10 | 10.0
Air Magic      | 1 2 |  2.0
Earth Magic    | 3 6 12 15 | 15.0
Fighting       | 4 6 8 11 | 11.9
Spellcasting   | 5 6 7 10 11 | 11.3
Short Blades   | 4 |  4.0
Fire Magic     | 2 |  2.0
Dodging        | 2 6 |  6.0
Evocations     | 1 4 |  4.0
Stealth        | 9 10 | 10.0

Action                   |  1- 3 |  4- 6 |  7- 9 | 10-12 | 13-15 || total
-------------------------+-------+-------+-------+-------+-------++-------
Melee: Unarmed           |     3 |       |       |       |       ||     3
       Dagger            |     5 |    21 |    42 |       |       ||    68
       Trident           |       |    14 |    79 |       |       ||    93
       Punch             |       |     1 |     2 |     2 |     1 ||     6
       Scimitar          |       |       |       |    96 |     5 ||   101
       Spear             |       |       |       |       |    28 ||    28
Throw: Dart              |     1 |    15 |     3 |       |       ||    19
       Boomerang         |       |       |     4 |     3 |       ||     7
 Cast: Sting             |    92 |    77 |    55 |       |       ||   224
       Poisonous Vapours |     1 |    18 |   139 |    48 |       ||   206
       Mephitic Cloud    |       |     1 |    12 |     3 |       ||    16
       Sandblast         |       |       |    44 |    36 |       ||    80
       Olgreb's Toxic Ra |       |       |     8 |    99 |   206 ||   313
       Ignite Poison     |       |       |       |    51 |   111 ||   162
       Stone Arrow       |       |       |       |    26 |    54 ||    80
       Lee's Rapid Decon |       |       |       |       |    78 ||    78
       Iron Shot         |       |       |       |       |    10 ||    10
Evoke: Wand              |       |       |       |       |     2 ||     2
  Use: Scroll            |       |     3 |    10 |    10 |     9 ||    32
       Potion            |       |     1 |     1 |     1 |     4 ||     7
 Stab: Confused          |       |       |     6 |       |       ||     6
Armor: Robe              |     7 |    11 |    28 |    22 |    70 ||   138
       Ring mail         |       |     8 |    12 |       |       ||    20
       Leather armour    |       |       |     9 |       |       ||     9
       Steam dragon scal |       |       |       |    51 |       ||    51
Dodge: Dodged            |    24 |    51 |   172 |   134 |   116 ||   497
